 Dungeon Crawl Stone Soup version 0.25-a0-578-gc91f01c (webtiles) character file.

Game seed: 1866070141269707151, levelgen mode: deterministic

4293 Faels the Carver (level 10, 0/70 HPs)
             Began as a Demonspawn Fighter on Mar 3, 2020.
             Was a Believer of Okawaru.
             Collided with a rock wall (7 damage)
             ... caused by Erica
             ... on level 8 of the Dungeon.
             The game lasted 00:29:48 (9116 turns).

Faels the Carver (Demonspawn Fighter)               Turns: 9116, Time: 00:29:49

Health: 0/70       AC: 21    Str: 22    XL:     10   Next: 11%
Magic:  0/10       EV: 11    Int: 10    God:    Okawaru [**....]
Gold:   261        SH:  9    Dex: 16    Spells: 9/9 levels left

rFire    + . .     SeeInvis .   P - +1 scimitar
rCold    + . .     Gourm    .   c - +0 kite shield
rNeg     . . .     Faith    .   h - +0 chain mail
rPois    .         Spirit   +   C - +0 helmet "Huce" {Str+6}
rElec    .         Reflect  .   t - +0 cloak
rCorr    .         Harm     .   l - +1 pair of gloves
MR       .....                  q - +2 pair of boots
Stlth    ..........             (no amulet)
HPRegen  0.21/turn              e - ring of protection from cold
MPRegen  0.24/turn              O - +5 ring of protection

@: slowed, very slow
A: repulsion field 2, fire resistance 1, magic shield, magic regeneration, flame
cloud immunity
a: Heroism, Renounce Religion


You were on level 8 of the Dungeon.
You worshipped Okawaru.
Okawaru was pleased with you.
You were hungry.

You visited 2 branches of the dungeon, and saw 9 of its levels.
You also visited: Sewer.

You collected 405 gold pieces.
You spent 144 gold pieces at shops.

Inventory:

Hand Weapons
 a - a +0 long sword
 g - a +0 short sword of freezing
 F - a +2 war axe of flaming
 H - a +0 flail of draining
 M - a +2 vorpal falchion
 P - a +1 scimitar (weapon)
Missiles
 j - 4 atropa-tipped darts
 o - 27 poisoned darts (quivered)
 y - 6 boomerangs
 I - a throwing net
Armour
 b - a +0 scale mail
 c - a +0 kite shield (worn)
 d - a +0 plate armour
 h - a +0 chain mail (worn)
 l - a +1 pair of gloves (worn)
 q - a +2 pair of boots (worn)
 t - a +0 cloak (worn)
 C - the +0 helmet "Huce" (worn) {Str+6}
   (You found it on level 4 of the Dungeon)

   It affects your strength (+6).
   If you remove this armour, your AC will decrease by 1 (21 -> 20).
 E - a +2 helmet
 R - a +1 ring mail of fire resistance
Jewellery
 e - a ring of protection from cold (left hand)
 N - an uncursed ring of stealth
 O - a +5 ring of protection (right hand)
 T - an uncursed ring of see invisible
Wands
 K - a wand of iceblast (13)
 L - a wand of digging (1)
 V - a wand of paralysis (8)
Scrolls
 k - 6 scrolls of teleportation
 m - 4 scrolls of remove curse
 n - a scroll of noise {unknown}
 r - 2 scrolls of fear
 s - 4 scrolls of blinking
 z - a scroll of enchant armour {unknown}
 B - a scroll of magic mapping
 J - 2 scrolls of amnesia
Potions
 i - a potion of heal wounds
 p - 7 potions of curing
 u - a potion of magic {unknown}
 v - 2 potions of haste
 x - 2 potions of cancellation
 A - 2 potions of resistance
 D - a potion of lignification {unknown}
 G - 2 potions of degeneration {unknown}
 Q - 2 potions of berserk rage {unknown}
 S - a potion of mutation {unknown}
 U - a potion of flight {unknown}
Comestibles
 f - 9 rations
 w - 8 chunks of flesh


   Skills:
 - Level 3.0 Fighting
 * Level 12.2 Long Blades
 - Level 2.6 Armour
 - Level 5.1 Dodging
 - Level 2.6 Shields


You had 9 spell levels left.
You didn't know any spells.
Your spell library was empty.

Dungeon Overview and Level Annotations

Branches:
Dungeon (8/15)             Temple (1/1) D:6           Sewer (visited)
   Lair: D:8-11

Altars:
Ashenzari
Cheibriados
Elyvilon
Gozag
Hepliaklqana
Kikubaaqudgha
Makhleb
Nemelex Xobeh
Okawaru
Qazlal
Ru
Sif Muna
Trog
Uskayaw
Vehumet
Wu Jian
Xom
Yredelemnul
Zin
The Shining One

Shops:
D:5 (}%   D:6 }   D:7 [

Annotations:
D:8 Erica


Innate Abilities, Weirdness & Mutations

You are surrounded by a moderate repulsion field. (EV +3)
Your flesh is heat resistant. (rF+)
When hurt, damage is shared between your health and your magic reserves.
You regenerate magic rapidly.
You are immune to clouds of flame.


Message History

Erica flickers and vanishes!
Deactivating autopickup; reactivate with Ctrl-A.
You miss something.
You hear some strange, mumbled words.
A lance of force appears from out of thin air!
The lance of force hits you!
You are knocked back by the lance of force.
You slam into the rock wall!
You block something's attack. Something hits you but does no damage.
You miss something. Something hits you but does no damage.
You miss something. Something hits you.
You hit something but do no damage.
You are feeling hungry.
You hear some strange, mumbled words.
A lance of force appears from out of thin air!
The lance of force hits you!
* * * LOW HITPOINT WARNING * * *
You are knocked back by the lance of force.
You slam into the rock wall!
You die...

...........###.....## .#
...............##..###.##
...........###.# ..#....####
...........#.. #........
...........#.### .........
................####........
.........###.##..........#.#
..............#####.....$..#
##............##@.{.........
#................###........
...###...................##.
.....#.......#######.....#
.)........##.... ...#..#
.###....<....... >###....
))......#.###.... . ...#
###......... .... ..
#........#.


There were no monsters in sight!

Vanquished Creatures
  Harold (D:7)
  Prince Ribbit (D:6)
  4 hippogriffs
  Edmund (D:6)
  Menkaure (D:6)
  3 orc warriors
  2 sky beasts
  An ice beast (D:5)
  3 phantoms
  A necrophage (D:7)
  3 ogres
  A centaur (D:7)
  A bullfrog (D:7)
  4 scorpions
  4 crimson imps
  A jelly (D:8)
  3 orc wizards
  An orc priest (D:5)
  3 hounds
  A bullfrog skeleton (D:6)
  An iguana (D:6)
  4 worker ants
  A killer bee zombie (D:6)
  A hound zombie (D:2)
  3 hound skeletons
  Robin (D:4)
  7 gnolls
  2 howler monkey skeletons
  11 adders
  3 river rats
  A shadow imp (D:7)
  An ooze (D:1)
  2 adder zombies
  2 adder skeletons
  A worm (D:3)
  2 dart slugs
  2 leopard geckos
  11 orcs
  8 bats
  5 giant cockroaches
  9 hobgoblins
  5 jackals
  3 kobolds
  6 quokkas
  7 ball pythons
  21 frilled lizards
  14 goblins
  10 rats
  A spectral orc (D:4)
185 creatures vanquished.

Notes
Turn   | Place    | Note
-------+----------+-------------------------------------------
     0 | D:1      | Faels the Demonspawn Fighter began the quest for the Orb.
     0 | D:1      | Reached XP level 1. HP: 18/18 MP: 1/1
    41 | D:1      | Reached skill level 2 in Long Blades
   122 | D:1      | Gained mutation: You are surrounded by a mild repulsion
                  | field. (EV +2) [demonic ancestry]
   122 | D:1      | Reached XP level 2. HP: 24/24 MP: 2/2
   336 | D:1      | Reached skill level 3 in Long Blades
   437 | D:1      | Reached XP level 3. HP: 27/29 MP: 3/3
   871 | D:2      | Found a shimmering altar of Xom.
  1761 | D:3      | Reached skill level 4 in Long Blades
  1761 | D:3      | Gained mutation: When hurt, damage is shared between your
                  | health and your magic reserves. [demonic ancestry]
  1761 | D:3      | Reached XP level 4. HP: 35/35 MP: 4/4
  2063 | D:3      | Found a glowing drain.
  2079 | Sewer    | Entered a sewer
  2818 | D:3      | Gained mutation: You regenerate magic rapidly. [demonic
                  | ancestry]
  2818 | D:3      | Reached XP level 5. HP: 41/41 MP: 5/5
  2927 | D:3      | Reached skill level 5 in Long Blades
  3643 | D:4      | Gained mutation: You are surrounded by a moderate repulsion
                  | field. (EV +3) [demonic ancestry]
  3643 | D:4      | Reached XP level 6. HP: 42/47 MP: 6/6
  3865 | D:4      | Reached skill level 6 in Long Blades
  4081 | D:4      | Found a basalt altar of Yredelemnul.
  4402 | D:4      | Noticed Robin
  4412 | D:4      | Killed Robin
  4489 | D:4      | Got a twisted helmet
  4500 | D:4      | Identified the +0 helmet "Huce" {Str+6} (You found it on
                  | level 4 of the Dungeon)
  4736 | D:5      | Entered Level 5 of the Dungeon
  4749 | D:5      | Found Weonum's Weapon Shop.
  4770 | D:5      | Reached skill level 1 in Dodging
  4834 | D:5      | Noticed a sky beast
  4848 | D:5      | Killed a sky beast
  4848 | D:5      | Reached XP level 7. HP: 52/52 MP: 7/7
  4863 | D:5      | Found Nafisoel's Gadget Shoppe.
  4986 | D:5      | Found a shimmering altar of Xom.
  4987 | D:5      | Found a shimmering altar of Xom.
  4988 | D:5      | Found a shimmering altar of Xom.
  4988 | D:5      | Found a shimmering altar of Xom.
  5031 | D:5      | Reached skill level 7 in Long Blades
  5159 | D:5      | Found a glowing golden altar of the Shining One.
  5167 | D:5      | Found an ornate altar of the Wu Jian Council.
  5376 | D:5      | Found Guenucho's Food Emporium.
  5376 | D:5      | Found a burning altar of Makhleb.
  5733 | D:5      | Reached XP level 8. HP: 46/58 MP: 5/8
  5866 | D:5      | Reached skill level 8 in Long Blades
  6041 | D:5      | HP: 1/58 [orc warrior/+0 glaive (7)]
  6382 | D:6      | Found Vuell's Gadget Shop.
  6392 | D:6      | Bought a wand of iceblast (8) for 144 gold pieces
  6430 | D:6      | Noticed Edmund
  6458 | D:6      | Killed Edmund
  6599 | D:6      | Reached skill level 9 in Long Blades
  6708 | D:6      | Found an opulent altar of Gozag.
  6815 | D:6      | Found a staircase to the Ecumenical Temple.
  6848 | Temple   | Entered the Ecumenical Temple
  6877 | Temple   | Became a worshipper of Warmaster Okawaru
  6951 | D:6      | Noticed Menkaure
  6966 | D:6      | Killed Menkaure
  7105 | D:6      | Noticed Prince Ribbit
  7613 | D:6      | Killed Prince Ribbit
  7613 | D:6      | Reached skill level 5 in Dodging
  7613 | D:6      | Gained mutation: Your flesh is heat resistant. (rF+)
                  | [demonic ancestry]
  7613 | D:6      | Reached XP level 9. HP: 59/63 MP: 9/9
  7684 | D:7      | Reached skill level 10 in Long Blades
  7691 | D:7      | Reached * piety under Okawaru
  7810 | D:7      | Found a sacrificial altar of Ru.
  8064 | D:7      | Found Dyraddoefo's Armour Emporium.
  8167 | D:7      | Reached skill level 11 in Long Blades
  8581 | D:8      | Reached ** piety under Okawaru
  8616 | D:8      | Noticed Harold
  8649 | D:7      | Killed Harold
  8649 | D:7      | Reached skill level 12 in Long Blades
  8649 | D:7      | Gained mutation: You are immune to clouds of flame.
                  | [demonic ancestry]
  8649 | D:7      | Reached XP level 10. HP: 70/70 MP: 10/10
  8868 | D:8      | Found a snail-covered altar of Cheibriados.
  9093 | D:8      | Noticed Erica
  9116 | D:8      | Collided with a rock wall

Levels and vault maps discovered:
D:1:      minmay_arrival_loop, layout_basic, minmay_lizard_pond
D:2:      layout_basic, lemuel_crystal_altar, first_ration
D:3:      layout_loops_corners, portal_sewer_entry_b
D:4:      kennysheep_goblin_castle, layout_basic,
          yredelemnul_forgotten_temple_becter, hangedman_decor_points
D:5:      layout_gridville, makhleb_heckhound_becter, minitemple, serial_shops,
          shop, nicolae_shop_crystal, shop, xom_redecorated
D:6:      layout_basic, nicolae_gozag_seed_capital, temple_statues,
          serial_shops, nicolae_shop_waterfront, minmay_misc_feat_square,
          uniq_edmund, uniq_prince_ribbit1, uniq_menkaure
D:7:      layout_basic, kennysheep_mini_moat, serial_shops, nicolae_shop_crystal
D:8:      layout_rooms, marbit_many_paths, fedhas_ov_isle_minmay, uniq_erica,
          uniq_harold
Temple:   minmay_temple_bridge_abc

Skill      XL: |  1  2  3  4  5  6  7  8  9 |
---------------+----------------------------+-----
Long Blades    | 2 3 4 5 6 7 9 12 | 12.2
Dodging        | 1 3 5 |  5.1
Fighting       | |  3.0
Armour         | |  2.6
Shields        | |  2.6

Action                   |  1- 3 |  4- 6 |  7- 9 | 10-12 || total
-------------------------+-------+-------+-------+-------++-------
Melee: Long sword        |   126 |   285 |   196 |       ||   607
       Falchion          |       |       |   169 |       ||   169
       Scimitar          |       |       |    27 |    38 ||    65
Throw: Dart              |       |       |    11 |       ||    11
Invok: Heroism           |       |       |       |     1 ||     1
  Use: Scroll            |     7 |     3 |     6 |       ||    16
       Potion            |       |       |     2 |     2 ||     4
  Eat: Chunk             |     2 |     7 |     7 |     1 ||    17
       Ration            |       |     1 |     2 |       ||     3
Armor: Scale mail        |    15 |    56 |    48 |       ||   119
       Chain mail        |    56 |    80 |    44 |    19 ||   199
       Plate armour      |       |       |    36 |       ||    36
       Ring mail         |       |       |    16 |       ||    16
Dodge: Dodged            |    35 |    94 |   113 |     6 ||   248
Block: Kite shield       |    66 |   121 |   150 |    16 ||   353
       Rpst.: Long sword |    13 |    29 |    14 |       ||    56
       Falchion          |       |       |    11 |       ||    11
       Scimitar          |       |       |     3 |     3 ||     6

Table legend:
 A = Non-vault XP
 B = Vault XP
 C = Vault XP percentage of total XP
 D = Non-vault monster count
 E = Vault monster count
 F = Vault count percentage of total count
                 A         B        C        D         E       F
            +---------+---------+-------+---------+---------+-------
      Total |    4358 |    1775 |  28.9 |     129 |      56 |  30.3
            +---------+---------+-------+---------+---------+-------
        D:1 |      40 |       8 |  16.7 |      19 |       8 |  29.6
        D:2 |      45 |       0 |   0.0 |      10 |       0 |   0.0
        D:3 |      83 |      15 |  15.3 |      14 |       3 |  17.6
        D:4 |     369 |      51 |  12.1 |      16 |      21 |  56.8
        D:5 |     913 |      40 |   4.2 |      20 |       1 |   4.8
        D:6 |     812 |     606 |  42.7 |      23 |       3 |  11.5
        D:7 |    1450 |     970 |  40.1 |      16 |       1 |   5.9
        D:8 |     646 |      43 |   6.2 |      11 |       1 |   8.3
      Sewer |       0 |      42 | 100.0 |       0 |      18 | 100.0
            +---------+---------+-------+---------+---------+-------
